[ AOE2 MATCH · #505546648 ]
UnrankedShu vs Gurjaras
Player's team · LOSS
[ REPLAY ANALYSIS · EXTRACTED FROM THE RECORDED GAME ]
Feudal
10:56
Castle
20:50
Imperial
34:00
| APM avg | 61.6 |
| APM peak | 123 |
| eAPM avg | 21.7 |
| Villagers / military | 160 / 111 |
Focus
⚔️ 33.5% · 🌾 66.5%
Skirmisher ×71 · Archer ×29 · Unknown (1959) ×12 · Unknown (1944) ×6 · Monk ×3 · Militia ×3
Feudal
8:56
Castle
19:08
Imperial
33:11
| APM avg | 113.9 |
| APM peak | 211 |
| eAPM avg | 70.1 |
| Villagers / military | 177 / 244 |
Focus
⚔️ 70.3% · 🌾 29.7%
Shrivamsha Rider ×85 · Skirmisher ×66 · Elephant Archer ×52 · Archer ×13 · Hand Cannoneer ×12 · Trebuchet (Packed) ×8
Match map
Initial resources + every placement click. Lines = walls · curves = elevation contours. ◆ gold · ⬟ stone · ● berries · ✦ relic · ◌ wall gap
Your base· Open — 2t gap
[VL] Lil Franco's base· Open — 1t gap
Smoothed initial terrain · ◌ = detected wall gap · hover for details
Inputs per minute
— ilovebaskets - - [VL] Lil Franco
Build order — ilovebaskets
First 150 of 443 actions detected
| 0:01 | Create | Villager (Male) |
| 0:01 | Create | Villager (Male) |
| 0:02 | Build | House |
| 0:03 | Build | House |
| 0:07 | Create | Villager (Male) |
| 0:07 | Create | Villager (Male) |
| 1:29 | Create | Villager (Male) |
| 1:43 | Build | Lumber Camp |
| 1:49 | Create | Villager (Male) |
| 2:27 | Create | Villager (Male) |
| 2:53 | Create | Villager (Male) |
| 3:17 | Create | Villager (Male) |
| 3:24 | Build | House |
| 3:36 | Create | Villager (Male) |
| 3:36 | Create | Villager (Male) |
| 3:42 | Build | House |
| 4:00 | Create | Villager (Male) |
| 4:19 | Create | Villager (Male) |
| 4:40 | Build | Barracks |
| 4:53 | Create | Villager (Male) |
| 4:54 | Create | Villager (Male) |
| 5:23 | Build | House |
| 5:31 | Create | Militia |
| 5:31 | Create | Militia |
| 5:31 | Create | Militia |
| 5:34 | Create | Villager (Male) |
| 6:08 | Create | Villager (Male) |
| 6:29 | Create | Villager (Male) |
| 6:57 | Create | Villager (Male) |
| 7:05 | Build | Mill |
| 7:12 | Create | Villager (Male) |
| 7:51 | Create | Villager (Male) |
| 7:51 | Research | Loom |
| 8:42 | Research | Feudal Age |
| 9:03 | Build | Mining Camp |
| 9:05 | Build | House |
| 9:07 | Build | House |
| 9:08 | Build | Palisade Wall |
| 9:27 | Create | Villager (Male) |
| 9:28 | Build | Palisade Wall |
| 9:36 | Build | Palisade Gate |
| 9:37 | Build | Palisade Wall |
| 9:39 | Build | Palisade Wall |
| 9:58 | Create | Villager (Male) |
| 10:28 | Create | Villager (Male) |
| 10:56 | Age | Feudal Age |
| 10:58 | Research | Man-at-Arms (upgrade) |
| 10:59 | Research | Man-at-Arms (upgrade) |
| 10:59 | Research | Double-Bit Axe |
| 10:59 | Research | Double-Bit Axe |
| 11:06 | Create | Spearman |
| 11:12 | Create | Villager (Male) |
| 11:28 | Build | Archery Range |
| 11:39 | Research | Horse Collar |
| 11:39 | Research | Horse Collar |
| 11:43 | Create | Spearman |
| 12:12 | Build | Blacksmith |
| 12:16 | Create | Archer |
| 12:22 | Create | Villager (Male) |
| 12:27 | Build | Farm |
| 12:30 | Build | Farm |
| 12:38 | Create | Villager (Male) |
| 12:41 | Build | Farm |
| 12:44 | Create | Villager (Male) |
| 12:48 | Research | Fletching |
| 12:48 | Research | Fletching |
| 12:58 | Build | House |
| 13:03 | Create | Archer |
| 13:06 | Create | Villager (Male) |
| 13:32 | Build | Farm |
| 13:35 | Create | Archer |
| 13:41 | Build | Farm |
| 13:46 | Create | Villager (Male) |
| 13:50 | Build | Farm |
| 13:53 | Create | Archer |
| 14:18 | Build | Stable |
| 14:33 | Build | Farm |
| 14:35 | Build | Farm |
| 14:41 | Create | Villager (Male) |
| 14:41 | Create | Archer |
| 14:51 | Build | House |
| 14:57 | Create | Villager (Male) |
| 15:10 | Build | Farm |
| 15:10 | Create | Scout Cavalry |
| 15:10 | Create | Scout Cavalry |
| 15:12 | Create | Villager (Male) |
| 15:14 | Create | Archer |
| 15:21 | Build | Farm |
| 15:29 | Build | Farm |
| 15:37 | Create | Villager (Male) |
| 15:45 | Build | Farm |
| 15:57 | Create | Archer |
| 16:00 | Build | Farm |
| 16:02 | Build | Farm |
| 16:16 | Create | Scout Cavalry |
| 16:25 | Build | Farm |
| 16:25 | Create | Villager (Male) |
| 16:29 | Build | House |
| 16:33 | Build | House |
| 16:40 | Create | Archer |
| 16:44 | Build | Farm |
| 17:00 | Build | Farm |
| 17:02 | Build | House |
| 17:03 | Build | Palisade Wall |
| 17:20 | Create | Villager (Male) |
| 17:20 | Create | Archer |
| 17:39 | Create | Villager (Male) |
| 17:43 | Build | Farm |
| 18:09 | Research | Castle Age |
| 18:40 | Research | Gold Mining |
| 18:45 | Build | Archery Range |
| 18:47 | Create | Archer |
| 18:59 | Build | Farm |
| 19:02 | Research | Padded Archer Armor |
| 19:06 | Create | Villager (Male) |
| 19:14 | Create | Archer |
| 19:14 | Create | Archer |
| 19:36 | Research | Wheelbarrow |
| 19:48 | Create | Archer |
| 19:58 | Create | Archer |
| 19:58 | Create | Archer |
| 20:02 | Build | House |
| 20:02 | Build | House |
| 20:50 | Age | Castle Age |
| 20:53 | Research | Bodkin Arrow |
| 20:53 | Research | Crossbowman (upgrade) |
| 20:55 | Research | Bow Saw |
| 20:57 | Create | Villager (Male) |
| 21:01 | Create | Villager (Male) |
| 21:13 | Build | Town Center |
| 21:20 | Create | Villager (Male) |
| 21:26 | Build | House |
| 22:11 | Create | Villager (Male) |
| 22:44 | Build | Town Center |
| 22:48 | Create | Villager (Male) |
| 22:49 | Create | Villager (Male) |
| 22:49 | Create | Villager (Male) |
| 23:07 | Create | Villager (Male) |
| 23:21 | Create | Villager (Male) |
| 23:48 | Create | Villager (Male) |
| 23:57 | Create | Villager (Male) |
| 23:58 | Create | Archer |
| 23:58 | Create | Archer |
| 23:58 | Create | Archer |
| 24:01 | Create | Villager (Male) |
| 24:07 | Create | Villager (Male) |
| 24:08 | Create | Villager (Male) |
| 24:08 | Create | Villager (Male) |
| 24:08 | Create | Villager (Male) |
| 24:08 | Create | Villager (Male) |
Build order — [VL] Lil Franco
First 150 of 601 actions detected
| 0:00 | Create | Villager (Male) |
| 0:01 | Create | Villager (Male) |
| 0:01 | Create | Villager (Male) |
| 0:02 | Build | House |
| 0:03 | Build | House |
| 0:06 | Create | Villager (Male) |
| 1:25 | Create | Villager (Male) |
| 1:43 | Build | Mill |
| 1:56 | Create | Villager (Male) |
| 2:15 | Create | Villager (Male) |
| 2:15 | Create | Villager (Male) |
| 2:47 | Create | Villager (Male) |
| 3:15 | Create | Villager (Male) |
| 3:31 | Create | Villager (Male) |
| 3:32 | Create | Villager (Male) |
| 3:49 | Create | Villager (Male) |
| 3:50 | Create | Villager (Male) |
| 4:06 | Build | House |
| 4:13 | Build | Lumber Camp |
| 4:23 | Create | Villager (Male) |
| 4:23 | Create | Villager (Male) |
| 4:36 | Create | Villager (Male) |
| 4:37 | Create | Villager (Male) |
| 4:50 | Create | Villager (Male) |
| 4:51 | Create | Villager (Male) |
| 5:01 | Create | Villager (Male) |
| 5:02 | Create | Villager (Male) |
| 5:35 | Research | Loom |
| 5:43 | Build | Palisade Wall |
| 5:44 | Build | Palisade Wall |
| 5:47 | Build | Palisade Wall |
| 5:48 | Build | Palisade Wall |
| 6:36 | Build | House |
| 6:46 | Research | Feudal Age |
| 6:46 | Research | Feudal Age |
| 6:46 | Research | Feudal Age |
| 7:47 | Build | Barracks |
| 7:58 | Create | Villager (Male) |
| 8:29 | Build | Palisade Wall |
| 8:29 | Build | Palisade Wall |
| 8:31 | Build | Palisade Wall |
| 8:41 | Research | Loom |
| 8:56 | Age | Feudal Age |
| 8:58 | Build | House |
| 9:09 | Build | Palisade Wall |
| 9:16 | Build | Palisade Wall |
| 9:20 | Create | Villager (Male) |
| 9:26 | Build | Archery Range |
| 9:31 | Research | Double-Bit Axe |
| 9:31 | Research | Double-Bit Axe |
| 9:33 | Research | Horse Collar |
| 9:33 | Research | Horse Collar |
| 9:33 | Create | Villager (Male) |
| 9:44 | Build | Farm |
| 10:08 | Create | Villager (Male) |
| 10:09 | Create | Villager (Male) |
| 10:25 | Create | Archer |
| 10:31 | Build | House |
| 10:38 | Create | Skirmisher |
| 10:49 | Create | Villager (Male) |
| 10:51 | Build | Farm |
| 10:51 | Build | Farm |
| 10:52 | Build | Farm |
| 10:56 | Build | Farm |
| 11:03 | Create | Villager (Male) |
| 11:08 | Create | Villager (Male) |
| 11:09 | Build | Mining Camp |
| 11:21 | Create | Skirmisher |
| 11:23 | Build | Farm |
| 11:32 | Create | Villager (Male) |
| 11:44 | Create | Villager (Male) |
| 11:51 | Build | House |
| 11:56 | Build | Palisade Wall |
| 12:00 | Build | Palisade Wall |
| 12:01 | Build | Palisade Wall |
| 12:10 | Create | Skirmisher |
| 12:17 | Create | Villager (Male) |
| 12:25 | Create | Skirmisher |
| 12:25 | Create | Villager (Male) |
| 12:32 | Build | Farm |
| 12:32 | Build | Farm |
| 12:36 | Create | Skirmisher |
| 12:42 | Build | House |
| 12:47 | Build | Blacksmith |
| 12:50 | Create | Villager (Male) |
| 12:58 | Create | Skirmisher |
| 13:02 | Build | Farm |
| 13:18 | Create | Skirmisher |
| 13:19 | Create | Villager (Male) |
| 13:19 | Create | Archer |
| 13:36 | Research | Fletching |
| 13:36 | Research | Fletching |
| 13:36 | Research | Fletching |
| 13:40 | Build | House |
| 13:44 | Create | Villager (Male) |
| 13:46 | Build | House |
| 13:56 | Build | Farm |
| 13:58 | Build | Farm |
| 13:58 | Build | Farm |
| 14:31 | Research | Wheelbarrow |
| 14:32 | Research | Wheelbarrow |
| 14:32 | Research | Wheelbarrow |
| 14:41 | Build | Farm |
| 14:55 | Build | Farm |
| 15:16 | Create | Skirmisher |
| 15:26 | Build | Farm |
| 15:55 | Create | Skirmisher |
| 16:28 | Research | Castle Age |
| 16:28 | Research | Castle Age |
| 16:28 | Research | Castle Age |
| 16:38 | Build | House |
| 16:40 | Build | House |
| 16:43 | Create | Skirmisher |
| 16:43 | Create | Skirmisher |
| 17:00 | Research | Gold Mining |
| 17:09 | Create | Skirmisher |
| 17:10 | Create | Archer |
| 17:17 | Research | Padded Archer Armor |
| 17:17 | Research | Padded Archer Armor |
| 17:21 | Create | Villager (Male) |
| 17:32 | Build | Watch Tower |
| 17:46 | Create | Spearman |
| 17:50 | Build | House |
| 17:57 | Create | Archer |
| 17:58 | Create | Villager (Male) |
| 18:07 | Build | Market |
| 18:17 | Create | Spearman |
| 18:19 | Create | Skirmisher |
| 18:46 | Create | Spearman |
| 19:08 | Age | Castle Age |
| 19:12 | Create | Elephant Archer |
| 19:26 | Build | Town Center |
| 19:38 | Research | Bodkin Arrow |
| 19:38 | Research | Bodkin Arrow |
| 19:38 | Research | Bodkin Arrow |
| 19:39 | Create | Villager (Male) |
| 19:51 | Research | Bow Saw |
| 19:51 | Research | Bow Saw |
| 19:54 | Create | Skirmisher |
| 20:04 | Create | Villager (Male) |
| 20:07 | Create | Villager (Male) |
| 20:23 | Create | Villager (Male) |
| 20:25 | Create | Archer |
| 20:46 | Build | Town Center |
| 20:51 | Create | Villager (Male) |
| 20:54 | Create | Villager (Male) |
| 20:54 | Create | Villager (Male) |
| 20:56 | Create | Villager (Male) |
| 21:13 | Research | Town Watch |
| 21:14 | Create | Villager (Male) |
Match timeline
| 4:40 | ilovebaskets · first_building Barracks |
| 5:43 | [VL] Lil Franco · wall_segment Palisade Wall x1 |
| 5:44 | [VL] Lil Franco · wall_segment Palisade Wall x1 |
| 5:47 | [VL] Lil Franco · wall_segment Palisade Wall x1 |
| 5:48 | [VL] Lil Franco · wall_segment Palisade Wall x1 |
| 7:47 | [VL] Lil Franco · first_building Barracks |
| 8:29 | [VL] Lil Franco · wall_segment Palisade Wall x1 |
| 8:29 | [VL] Lil Franco · wall_segment Palisade Wall x1 |
| 8:31 | [VL] Lil Franco · wall_segment Palisade Wall x1 |
| 8:56 | [VL] Lil Franco · age_up feudal |
| 9:08 | ilovebaskets · wall_segment Palisade Wall x1 |
| 9:09 | [VL] Lil Franco · wall_segment Palisade Wall x1 |
| 9:16 | [VL] Lil Franco · wall_segment Palisade Wall x1 |
| 9:26 | [VL] Lil Franco · first_building Archery Range |
| 9:28 | ilovebaskets · wall_segment Palisade Wall x1 |
| 9:37 | ilovebaskets · wall_segment Palisade Wall x3 |
| 9:39 | ilovebaskets · wall_segment Palisade Wall x1 |
| 10:56 | ilovebaskets · age_up feudal |
| 11:28 | ilovebaskets · first_building Archery Range |
| 11:56 | [VL] Lil Franco · wall_segment Palisade Wall x1 |
| 12:00 | [VL] Lil Franco · wall_segment Palisade Wall x1 |
| 12:01 | [VL] Lil Franco · wall_segment Palisade Wall x1 |
| 14:18 | ilovebaskets · first_building Stable |
| 17:03 | ilovebaskets · wall_segment Palisade Wall x1 |
| 19:08 | [VL] Lil Franco · age_up castle |
| 19:22 | [VL] Lil Franco · first_market_sell 100 food |
| 19:23 | [VL] Lil Franco · first_market_buy 100 stone |
| 20:50 | ilovebaskets · age_up castle |
| 22:51 | [VL] Lil Franco · wall_segment Palisade Wall x1 |
| 22:52 | [VL] Lil Franco · wall_segment Palisade Wall x1 |
| 25:14 | ilovebaskets · first_building Monastery |
| 25:48 | [VL] Lil Franco · first_building Monastery |
| 29:48 | [VL] Lil Franco · first_building Stable |
| 31:03 | ilovebaskets · first_building Castle |
| 33:11 | [VL] Lil Franco · age_up imperial |
| 33:11 | [VL] Lil Franco · first_building Castle |
| 34:00 | ilovebaskets · age_up imperial |
| 35:27 | ilovebaskets · first_building Siege Workshop |
| 40:26 | ilovebaskets · resign |
[ AI ANALYSIS · 1 CREDIT ]
What really happened in this match?
Wolo.gg analyzes every decision: build order, eco, micro, common mistakes by bracket. Personalized analysis on WhatsApp or Discord in 30 seconds.
Civ guide
Shu
Perfil
Jugador #1292487